 Dungeon Crawl Stone Soup version 0.31-a0-705-ga145531891 (webtiles) character file.

Game seed: 18298022735238272161

37888 Joey1 the Severer (level 13, 0/192 HPs)
             Began as a Minotaur Berserker on Sept 9, 2023.
             Was a High Priest of Trog.
             Slain by a seven-headed hydra (3 damage)
             ... on level 5 of the Lair of Beasts on Sept 10, 2023.
             The game lasted 00:34:36 (15681 turns).

Joey1 the Severer (Minotaur Berserker)             Turns: 15681, Time: 00:34:36

Health: 0/192      AC: 24    Str: 27    XL:     13   Next: 60%
Magic:  12/12      EV:  9    Int:  4    God:    Trog [*****.]
Gold:   748        SH:  7    Dex: 10    Spells: 12/12 levels left

rFire   + + .        F - +5 spear
rCold   + . .        U - +2 buckler
rNeg    . . .        a - +10 plate armour of Geun {rC+ rCorr}
rPois   +            (helmet restricted)
rElec   .            (no cloak)
rCorr   +            Q - +1 pair of gloves
SInv    .            (no boots)
Will    .....        Z - amulet of Zacsotof {Acrobat rF+} Stlth
                     k - ring of poison resistance
HPRegen 0.52/turn    x - ring of protection from fire
MPRegen 0.13/turn

%: acrobat
@: berserking, very quick
A: horns 2, retaliatory headbutt
a: Renounce Religion, Berserk, Trog's Hand, Brothers in Arms


You were on level 5 of the Lair of Beasts.
You worshipped Trog.
Trog was extremely pleased with you.
You visited 2 branches of the dungeon, and saw 15 of its levels.
You also visited: Sewer.

You collected 748 gold pieces.

Inventory:

Hand Weapons
 F - a +5 spear (weapon)
 J - a +4 hand axe
 S - the +3 battleaxe of Fragile Peace {flame, Contam rPois rN+ Dex+3}
   (Trog gifted it to you on level 9 of the Dungeon)

   Dex+3:     It affects your dexterity (+3).
   rPois:     It protects you from poison rN+: It protects you from negative
   energy.
   Contam:    It causes magical contamination when unequipped.
 X - a +3 heavy broad axe
Missiles
 C - 5 curare-tipped darts
 I - 10 boomerangs
 M - 10 throwing nets
Armour
 a - the +10 plate armour of Geun (worn) {rC+ rCorr}
   (You found it on level 5 of the Lair of Beasts)

   rC+:       It protects you from cold.
   rCorr:     It protects you from acid and corrosion.
 E - the +6 scale mail of the Boiling Point {rF+ rC+ Str+6}
   (You found it on level 4 of the Dungeon)

   Str+6:     It affects your strength (+6).
   rF+:       It protects you from fire.
   rC+:       It protects you from cold.
 Q - a +1 pair of gloves (worn)
 U - a +2 buckler (worn)
Jewellery
 d - an amulet of faith
 k - a ring of poison resistance (left hand)
 x - a ring of protection from fire (right hand)
 K - a ring of protection from fire
 W - a ring of protection from cold
 Z - the amulet of Zacsotof (around neck) {Acrobat rF+}
   (You found it on level 4 of the Lair of Beasts)

   [amulet of the acrobat]

   Acrobat:   It increases your evasion while moving and waiting.
   rF+:       It protects you from fire.
Wands
 i - a wand of digging (7)
 s - a wand of paralysis (38)
 G - a wand of iceblast (11)
 P - a wand of flame (22)
Scrolls
 e - 2 scrolls of revelation
 f - 2 scrolls of enchant armour
 h - 2 scrolls of fog
 o - 5 scrolls of teleportation
 p - a scroll of silence {unknown}
 r - 6 scrolls of noise {unknown}
 u - 4 scrolls of poison {unknown}
 v - 2 scrolls of amnesia {unknown}
 y - 3 scrolls of immolation {unknown}
 B - 2 scrolls of vulnerability {unknown}
 D - a scroll of brand weapon {unknown}
 R - 4 scrolls of blinking {unknown}
 V - a scroll of butterflies {unknown}
 Y - a scroll of enchant weapon {unknown}
Potions
 b - 2 potions of resistance {unknown}
 c - 6 potions of curing
 g - 3 potions of lignification {unknown}
 l - 3 potions of ambrosia {unknown}
 m - 4 potions of attraction
 n - a potion of cancellation {unknown}
 q - a potion of berserk rage {unknown}
 t - 2 potions of degeneration {unknown}
 w - a potion of magic {unknown}
 z - 5 potions of might
 A - 2 potions of mutation
 H - 2 potions of haste
 N - a potion of invisibility {unknown}
 O - 3 potions of brilliance {unknown}
 T - 2 potions of heal wounds {unknown}


   Skills:
 + Level 15.9 Fighting
 - Level 18.0 Axes
 - Level 6.0 Armour
 - Level 7.0 Dodging
 - Level 7.0 Shields
 - Level 8.0 Evocations


You had 12 spell levels left.
You didn't know any spells.
Your spell library was empty.

Dungeon Overview and Level Annotations

Branches:
Dungeon (10/15)            Temple (0/1) D:4            Lair (5/5) D:8
  Swamp (0/4) Lair:2        Snake (0/4) Lair:3        Sewer (visited)
  Slime: Lair:4-5       Orc: D:9-12

Altars:
Ashenzari
Cheibriados
Dithmenos
Elyvilon
Gozag
Sif Muna
Vehumet
Wu Jian
Xom

Shops:
D:10 *

Annotations:
D:7 1 exclusion
D:10 3 runed translucent doors


Innate Abilities, Weirdness & Mutations

You have a pair of horns on your head.
You reflexively headbutt those who attack you in melee.


Message History

You headbutt the polar bear.
The polar bear claws you but does no damage.
The polar bear claws you.
* * * LOW HITPOINT WARNING * * *
You puncture the seven-headed hydra!
The seven-headed hydra is heavily wounded.
The death yak gores you but does no damage.
You hit the seven-headed hydra.
The seven-headed hydra is heavily wounded.
The polar bear bites you but does no damage.
The polar bear barely misses you. The polar bear closely misses you.
You block the seven-headed hydra's attack.
The seven-headed hydra bites you!
* * * LOW HITPOINT WARNING * * *
You block the seven-headed hydra's attack.
The seven-headed hydra bites you!
* * * LOW HITPOINT WARNING * * *
The seven-headed hydra bites you!
* * * LOW HITPOINT WARNING * * *
The seven-headed hydra bites you but does no damage.
The seven-headed hydra bites you.
* * * LOW HITPOINT WARNING * * *
You hit the polar bear but do no damage.
The polar bear is almost dead.
The death yak gores you but does no damage.
Unknown command.
You puncture the death yak! You headbutt the death yak.
The death yak is almost dead.
The polar bear bites you!
* * * LOW HITPOINT WARNING * * *
The polar bear claws you but does no damage.
You block the polar bear's attack.
You puncture the polar bear!
The polar bear is almost dead.
The seven-headed hydra closely misses you. x2
The seven-headed hydra bites you but does no damage. x2
You block the seven-headed hydra's attack.
The seven-headed hydra bites you but does no damage.
The seven-headed hydra bites you.
You die...

..........~~#~#~#~#~8#
............~~~P#~~~#~~~
.............~~~~~~~#~~~
............~##~#~~~#⌠~~
.............##~####.###
............~~~~~~~~~~~~
.....$.......~~~~~~.~~~~
......Y......##~~.#~~##~
......D@.....##~~##~~# .
......†h..........~..~
.......................
.......................
........................
..................
.................
................


You could see a death yak, a seven-headed hydra and a polar bear (berserk).

Vanquished Creatures
  An eleionoma (Lair:2)
  Josephine (Lair:5)
  Erolcha (D:10)
  A hydra (Lair:3)
  Harold (D:10)
  A merfolk avatar (Lair:5)
  A catoblepas (Lair:3)
  A two-headed ogre (D:8)
  A boulder beetle (Lair:2)
  5 death yaks
  A fire crab (Lair:4)
  A skyshark (Lair:2)
  A sea snake (Lair:5)
  2 lindwurms
  An oklob plant (Lair:4)
  5 elephants (Lair:2)
  2 black mambas (Lair:4)
  An unseen horror (D:10)
  7 cane toads
  4 rime drakes
  6 komodo dragons
  2 trolls
  4 polar bears
  A snapping turtle (Lair:5)
  20 blink frogs
  A shadow (D:9)
  5 wraiths
  32 yaks
  4 wyverns
  4 basilisks
  A steam dragon (D:9)
  18 water moccasins
  3 ice beasts (D:7)
  A black bear (D:7)
  5 orc warriors
  6 ogres
  13 wolves
  A centaur (D:10)
  3 kobold brigands
  12 bullfrogs
  2 gnoll sergeants (D:8)
  2 scorpions (D:5)
  2 wights (D:7)
  12 killer bees
  3 howler monkeys (D:7)
  2 electric eels
  2 jellies
  4 hounds
  2 gnoll boudas
  4 orc priests
  9 orc wizards
  5 iguanas
  2 sleepcaps
  7 adders
  21 gnolls
  A shadow imp (D:6)
  2 ufetubi
  4 worms
  A dart slug (D:5)
  26 orcs
  A bat (D:1)
  6 endoplasms
  6 giant cockroaches
  5 goblins (D:1)
  2 hobgoblins (D:3)
  6 jackals
  6 quokkas
  7 ball pythons
  10 frilled lizards
  16 kobolds
  12 rats
371 creatures vanquished.

Vanquished Creatures (others)
  An orc (D:9)
1 creature vanquished.

Grand Total: 372 creatures vanquished

Notes
Turn   | Place    | Note
-------+----------+-------------------------------------------
     0 | D:1      | Joey1 the Minotaur Berserker began the quest for the Orb.
     0 | D:1      | Reached XP level 1. HP: 19/19 MP: 0/0
   205 | D:1      | Reached XP level 2. HP: 23/27 MP: 1/1
   511 | D:1      | Reached skill level 4 in Axes
   990 | D:2      | Reached XP level 3. HP: 27/33 MP: 2/2
  1056 | D:2      | Reached ** piety under Trog
  1250 | D:2      | Reached XP level 4. HP: 41/41 MP: 3/3
  1801 | D:3      | Found a glowing drain.
  1805 | Sewer    | Entered a sewer
  1814 | Sewer    | Reached XP level 5. HP: 46/47 MP: 4/4
  1939 | Sewer    | Reached skill level 5 in Fighting
  2007 | Sewer    | Reached skill level 5 in Axes
  2021 | Sewer    | Reached *** piety under Trog
  2271 | D:3      | Found a faded altar of an unknown god.
  3050 | D:4      | Found a staircase to the Ecumenical Temple.
  3099 | D:4      | Identified the +6 scale mail of the Boiling Point {rF+ rC+
                  | Str+6}
  3255 | D:4      | Noticed an ogre
  3260 | D:4      | Killed an ogre
  3261 | D:4      | Reached XP level 6. HP: 56/56 MP: 5/5
  3569 | D:5      | Entered Level 5 of the Dungeon
  3675 | D:5      | Reached skill level 6 in Axes
  3811 | D:5      | Found a white marble altar of Elyvilon.
  3840 | D:5      | Reached skill level 5 in Dodging
  4043 | D:5      | Reached skill level 7 in Axes
  4043 | D:5      | Reached XP level 7. HP: 52/61 MP: 6/6
  4188 | D:5      | Found a radiant altar of Vehumet.
  4188 | D:5      | Found an opulent altar of Gozag.
  4242 | D:5      | Reached skill level 8 in Axes
  4645 | D:6      | Reached skill level 9 in Axes
  4744 | D:6      | Reached **** piety under Trog
  4898 | D:6      | Reached skill level 10 in Axes
  4898 | D:6      | Reached XP level 8. HP: 68/68 MP: 7/7
  5315 | D:7      | Reached skill level 11 in Axes
  5450 | D:7      | Reached skill level 12 in Axes
  5862 | D:7      | Reached XP level 9. HP: 73/74 MP: 8/8
  5910 | D:7      | Reached skill level 13 in Axes
  6037 | D:7      | Reached skill level 14 in Axes
  6061 | D:7      | Noticed a boulder beetle
  6349 | D:7      | Reached ***** piety under Trog
  6886 | D:8      | Found a staircase to the Lair.
  7122 | D:8      | Noticed a two-headed ogre
  7241 | D:8      | Killed a two-headed ogre
  7242 | D:8      | Reached skill level 10 in Fighting
  7242 | D:8      | Reached XP level 10. HP: 93/93 MP: 9/9
  7987 | D:8      | Reached skill level 5 in Armour
  8554 | D:9      | Identified the +3 battleaxe of Fragile Peace {flame, Contam
                  | rPois rN+ Dex+3} (Trog gifted it to you on level 9 of the
                  | Dungeon)
  8554 | D:9      | Received a gift from Trog
  8907 | D:10     | Entered Level 10 of the Dungeon
  8965 | D:10     | Reached skill level 15 in Axes
  9172 | D:10     | Found Ihoweqau's CLEARANCE SALE!.
  9225 | D:10     | Found a runed translucent gate.
  9226 | D:10     | Found a runed translucent gate.
  9226 | D:10     | Found a runed translucent gate.
  9226 | D:10     | Noticed a glowing orange brain
  9226 | D:10     | Noticed a purple ugly thing
  9227 | D:10     | Noticed a green ugly thing
  9234 | D:10     | Noticed a green ugly thing
  9234 | D:10     | Noticed a brown ugly thing
  9236 | D:10     | Noticed a red ugly thing
  9291 | D:10     | Reached skill level 1 in Shields
  9304 | D:10     | Reached XP level 11. HP: 88/99 MP: 10/10
  9358 | D:10     | Noticed Harold
  9394 | D:10     | Killed Harold
  9419 | D:10     | Reached skill level 5 in Shields
  9456 | D:10     | Found a snail-covered altar of Cheibriados.
  9458 | D:10     | Found an ornate altar of the Wu Jian Council.
  9458 | D:10     | Found a shadowy altar of Dithmenos.
  9460 | D:10     | Found a shimmering altar of Xom.
  9460 | D:10     | Found a shimmering blue altar of Sif Muna.
  9603 | D:10     | Noticed Erolcha
  9615 | D:10     | Killed Erolcha
  9887 | Lair:1   | Entered Level 1 of the Lair of Beasts
  9912 | Lair:1   | Reached skill level 16 in Axes
 11271 | Lair:2   | Noticed a skyshark
 11278 | Lair:2   | Killed a skyshark
 11279 | Lair:2   | Reached XP level 12. HP: 115/115 MP: 11/11
 11350 | Lair:2   | Received a gift from Trog
 11365 | Lair:2   | Reached skill level 17 in Axes
 11510 | Lair:2   | Found a staircase to the Swamp.
 11510 | Lair:2   | Noticed an eleionoma
 11528 | Lair:2   | Killed an eleionoma
 11808 | Lair:2   | Reached skill level 18 in Axes
 11921 | Lair:2   | You fall into a shaft and drop 1 floor!
 11945 | Lair:3   | Noticed an eight-headed hydra
 11960 | Lair:3   | Killed an eight-headed hydra
 12026 | Lair:3   | Noticed a catoblepas
 12037 | Lair:3   | Killed a catoblepas
 12731 | Lair:3   | Found a staircase to the Snake Pit.
 13015 | Lair:2   | Noticed a boulder beetle
 13028 | Lair:2   | Killed a boulder beetle
 13029 | Lair:2   | Reached skill level 15 in Fighting
 13029 | Lair:2   | Reached skill level 1 in Evocations
 13755 | Lair:4   | Reached XP level 13. HP: 126/126 MP: 12/12
 13916 | Lair:4   | Identified the amulet of Zacsotof {Acrobat rF+}
 13992 | Lair:4   | Found a broken altar of Ashenzari.
 14109 | Lair:4   | Reached skill level 5 in Evocations
 14288 | Lair:5   | Entered Level 5 of the Lair of Beasts
 14326 | Lair:5   | Received a gift from Trog
 14503 | Lair:5   | Noticed Josephine
 14509 | Lair:5   | Killed Josephine
 15284 | Lair:5   | Identified the +10 plate armour of Geun {rC+ rCorr}
 15680 | Lair:5   | HP: 3/192 [polar bear (11)]
 15681 | Lair:5   | Slain by a seven-headed hydra

Illustrated notes

Levels and vault maps discovered:
D:1:      lemuel_arrival_tunnels, layout_basic
D:2:      layout_basic, serial_corexii_hall, chequers_hall_statues_wall_a,
          corexii_hall_statues_i, chequers_hall_statues_y,
          corexii_hall_statues_l, minmay_misc_feat_diagonals
D:3:      layout_rooms, gup_sewer_entry_spiral,
          ebering_ecumenical_altar_petrified
D:4:      layout_loops_cross, minmay_temple_entry_glassed_door,
          serial_bayou_pond_c, nicolae_hexahallways, wad_rectangle_vault
D:5:      layout_gridville, elyvilon_altar_4, gammafunk_temple_overflow_elements
D:6:      layout_loops_ring
D:7:      kennysheep_windowed_halls, layout_basic
D:8:      layout_basic, lair_entry_dummy
D:9:      layout_cave_pools
D:10:     layout_rooms, grunt_temple_overflow_open,
          ploomutoo_gammafunk_ghost_potion_laboratory,
          minmay_misc_feat_ornament, grunt_ministairs_12,
          nicolae_shop_clearance, uniq_harold, uniq_erolcha
Lair:1:   layout_roguey, lemuel_fruit_fields
Lair:2:   layout_big_grid, alex1729_swamp_entry_worm_eleionoma,
          grunt_megastairs_5
Lair:3:   layout_cave_pods, dummy_snake_entry, lemuel_fruit_tree
Lair:4:   layout_cellular_growth, lemuel_oklob_altar, infiniplex_staircase_pool
Lair:5:   gammafunk_lair_ancient_temple, layout_cave_shapes, slime_entry_1,
          serial_bayou_shore_a, uniq_josephine

Skill      XL: |  1  2  3  4  5  6  7  8  9 10 11 12 13 |
---------------+----------------------------------------+-----
Axes           | 4 5 7 10 12 14 15 16 18 | 18.0
Fighting       | 4 5 10 13 15 | 15.9
Armour         | 3 6 |  6.0
Dodging        | 3 4 5 7 |  7.0
Shields        | 3 7 |  7.0
Evocations     | 4 8 |  8.0

Action                     |  1- 3 |  4- 6 |  7- 9 | 10-12 | 13-15 || total
---------------------------+-------+-------+-------+-------+-------++-------
  Melee: Hand axe          |    84 |   146 |   250 |   512 |       ||   992
         Headbutt          |    13 |    22 |    47 |   139 |    24 ||   245
         Punch             |       |     6 |     5 |     1 |       ||    12
         Broad axe         |       |       |       |    42 |   116 ||   158
         Spear             |       |       |       |     5 |     8 ||    13
 Invoke: Berserk           |       |     3 |     2 |     5 |     1 ||    11
         Trog's Hand       |       |       |       |     1 |       ||     1
    Use: Scroll            |       |       |     8 |       |     1 ||     9
         Potion            |       |       |       |     1 |       ||     1
 Armour: Leather armour    |    26 |       |       |       |       ||    26
         Plate armour      |    26 |    66 |       |       |    56 ||   148
         Scale mail        |     4 |    27 |   139 |   313 |    86 ||   569
  Dodge: Dodged            |    34 |    52 |    89 |   203 |    88 ||   466
  Block: Buckler           |       |       |       |    74 |    46 ||   120

Table legend: (Time is in decaauts)
 A = Elapsed time spent in this place.
 B = Non-inter-level travel time spent in this place.
 C = Inter-level travel time spent in this place.
 D = Time resting spent in this place.
 E = Time spent auto-exploring this place.
 F = Levels seen in this place.
 G = Mean time per level.
                   A        B        C        D        E       F      G
               +--------+--------+--------+--------+--------+-----+--------+
         Total |  15682 |  15289 |    393 |   2085 |  10329 |  16 |  980.1 |
       Dungeon |   9505 |   9193 |    312 |    947 |   6445 |  10 |  950.5 |
          Lair |   5783 |   5702 |     81 |   1137 |   3639 |   5 | 1156.6 |
         Sewer |    393 |    393 |      0 |      0 |    244 |   1 |  393.0 |
               +--------+--------+--------+--------+--------+-----+--------+

Top non-repeatable levels by time:
     D:7: 1652 daAuts
  Lair:2: 1275 daAuts
     D:8: 1264 daAuts
  Lair:4: 1149 daAuts
  Lair:5: 1131 daAuts
  Lair:1: 1128 daAuts
     D:4: 1112 daAuts
  Lair:3: 1100 daAuts
     D:5: 955 daAuts
     D:1: 854 daAuts
     D:2: 831 daAuts
    D:10: 781 daAuts
     D:9: 778 daAuts
     D:6: 760 daAuts
     D:3: 514 daAuts
